 Dungeon Crawl Stone Soup version 0.28-a0-1435-g82390b3a13 (webtiles) character file.

Game seed: 11596886276640872088

58 riojii the Ruffian (level 3, 0/29 HPs)
             Began as a Draconian Transmuter on Jan 9, 2022.
             Frozen to death by an endoplasm (2 damage)
             ... on level 2 of the Dungeon.
             The game lasted 00:04:30 (1942 turns).

riojii the Ruffian (Draconian Transmuter)           Turns: 1942, Time: 00:04:31

Health: 0/29       AC:  5    Str: 14    XL:     3   Next: 75%
Magic:  6/6        EV: 12    Int: 13    God:
Gold:   43         SH:  0    Dex: 11    Spells: 2/6 levels left

rFire   . . .      SeeInvis +     - Unarmed
rCold   . . .      Faith    .   (no shield)
rNeg    . . .      Spirit   .   (armour unavailable)
rPois   .          Reflect  .   (helmet restricted)
rElec   .          Harm     .   (no cloak)
rCorr   .          Rampage  .   (no gloves)
Will    .....                   (no boots)
Stlth   +.........              (no amulet)
HPRegen 0.09/turn               f - ring of see invisible
MPRegen 0.10/turn               (no ring)

@: slowed, very slow
A: AC +5, unfitting armour, cold-blooded
a: no special abilities


You were on level 2 of the Dungeon.
You visited 1 branch of the dungeon, and saw 2 of its levels.

You collected 43 gold pieces.

Inventory:

Jewellery
 f - a ring of see invisible (left hand)
Scrolls
 a - a scroll of noise {unknown}
 e - a scroll of enchant armour {unknown}
 g - a scroll of brand weapon {unknown}
 h - 2 scrolls of identify {unknown}
Potions
 b - a potion of ambrosia {unknown}
 c - a potion of might {unknown}
 d - a potion of mutation {unknown}
 i - a potion of berserk rage {unknown}


   Skills:
 - Level 1.7 Fighting
 - Level 2.1 Dodging
 - Level 3.2 Unarmed Combat
 - Level 2.3 Spellcasting
 * Level 3.1 Transmutations


You had 2 spell levels left.
You knew the following spells:

 Your Spells              Type           Power      Damage    Failure   Level
a - Beastly Appendage     Tmut           18%        N/A       7%          1
b - Spider Form           Tmut/Pois      5%         N/A       36%         3

Your spell library contained the following spells:

 Spells                   Type           Power      Damage    Failure   Level
 Wereblood                Tmut           9%         N/A       11%         2
 Sting                    Tmut/Pois      20%        1d4       13%         1
 Blink                    Tloc           2%         N/A       36%         2
 Corpse Rot               Necr/Air       2%         N/A       36%         2
 Poisonous Vapours        Pois/Air       2%         N/A       36%         2
 Ice Form                 Ice/Tmut       5%         N/A       78%         4
 Manifold Assault         Tloc           1%         N/A       100%        5
 Storm Form               Tmut/Air       2%         N/A       100%        7


Dungeon Overview and Level Annotations

Branches:
Dungeon (2/15)

Altars:

Shops:
D:2 :


Innate Abilities, Weirdness & Mutations

Your plain brown scales are hard. (AC +5)
You cannot fit into any form of body armour.
You are cold-blooded and may be slowed by cold attacks.


Message History

The endoplasm freezes you.
You are frozen.
The endoplasm barely misses you. The endoplasm misses you.
You barely miss the endoplasm.
You claw the endoplasm, but do no damage.
You headbutt the endoplasm.
You kill the endoplasm!
Your transformation is almost over.
The endoplasm hits you but does no damage.
The endoplasm freezes you.
You are frozen.
The endoplasm hits you but does no damage.
The endoplasm freezes you.
You are frozen.
You feel as though you will be slow longer.
The endoplasm freezes you.
You are frozen.
The endoplasm hits the fungus.
The fungus begins to die.
The jelly hits the fungus.
The fungus begins to die.
The fungus is splashed with acid.
There is an open door here.
Something hits the fungus.
The endoplasm hits the fungus.
The jelly hits the fungus.
The fungus is splashed with acid!
The acid corrodes the fungus!
The endoplasm hits something.
The endoplasm freezes you.
You are frozen.
* * * LOW HITPOINT WARNING * * *
You feel as though you will be slow longer.
The endoplasm hits something.
Things that are here:
a +0 club; 2 stones; a kobold corpse Your horns disappear.
Your talons disappear.
The endoplasm jiggles.
The endoplasm freezes you.
You are frozen.
* * * LOW HITPOINT WARNING * * *
You feel as though you will be slow longer.
You hit the endoplasm but do no damage. The endoplasm freezes you.
You are frozen.
You die...

.####### #.........# #.#
#.# .......# ###########
#.# #)## .#####.# #.#
#... .# #.# #.###### .#
#.############ #).# .#
#.##!....÷##.#########)##
.#
#.##.÷PP..#.#.#....###..#
.#
#.##..÷...#.#.#.....##..#
##
#.##÷...P.#@#'#..(...'..#
#.##.....J#J#...)....'.(#
#.##PPPJJJ#J#........'..#
#.##....J.#J#..)....##..#
#.##P.÷PJPJ##......###..#
#.##.....÷########## #.##
#.######### ##### ..#
#.#############..... .##
#.................


You could see 4 endoplasms.

Vanquished Creatures
  2 dart slugs (D:2)
  A bat (D:2)
  7 endoplasms
  4 goblins
  6 hobgoblins
  6 jackals
  11 kobolds
  A quokka (D:1)
  2 ball pythons
  2 frilled lizards
  6 rats
48 creatures vanquished.

Vanquished Creatures (others)
  2 fungi (D:2)
  5 toadstools (D:2)
7 creatures vanquished.

Grand Total: 55 creatures vanquished

Notes
Turn   | Place    | Note
-------+----------+-------------------------------------------
     0 | D:1      | riojii the Draconian Transmuter began the quest for the
                  | Orb.
     0 | D:1      | Reached XP level 1. HP: 16/16 MP: 3/3
   282 | D:1      | Reached XP level 2. HP: 14/23 MP: 3/5
   991 | D:1      | Found a faded altar of an unknown god.
   997 | D:1      | Got Plato's Papyrus of Changing
  1311 | D:2      | Reached XP level 3. HP: 27/29 MP: 4/6
  1322 | D:2      | Learned a level 3 spell: Spider Form
  1449 | D:2      | Found Ehufuw's Book Shop.
  1576 | D:2      | Identified the +0 robe "Jinimiha" {Regen+ MP+9}
  1942 | D:2      | Frozen to death by an endoplasm

Illustrated notes

Levels and vault maps discovered:
D:1:      dpeg_arrival_tiny_k, layout_basic,
          shapermc_ecumenical_altar_rom_forum, minmay_tree_intersection
D:2:      cheibrodos_fertilizer, layout_basic, serial_shops, shop_statue,
          minivault_24, minmay_misc_feat_doors, chequers_garden

Skill      XL: |  1  2  3 |
---------------+----------+-----
Dodging        | 2 |  2.1
Transmutations | 3 |  3.1
Fighting       | |  1.7
Unarmed Combat | |  3.2
Spellcasting   | |  2.3

Action                   || total
-------------------------++-------
Melee: Unarmed           ||   144
       Kick              ||    23
       Tailslap          ||    13
       Headbutt          ||    10
       Punch             ||     2
 Cast: Beastly Appendage ||    23
Armor: Skin              ||    25
Dodge: Dodged            ||    82

Table legend: (Time is in decaauts)
 A = Elapsed time spent in this place.
 B = Non-inter-level travel time spent in this place.
 C = Inter-level travel time spent in this place.
 D = Time resting spent in this place.
 E = Time spent auto-exploring this place.
 F = Levels seen in this place.
 G = Mean time per level.
                   A        B        C        D        E       F      G
               +--------+--------+--------+--------+--------+-----+--------+
         Total |   1937 |   1929 |      8 |      0 |   1596 |   2 |  968.5 |
       Dungeon |   1937 |   1929 |      8 |      0 |   1596 |   2 |  968.5 |
               +--------+--------+--------+--------+--------+-----+--------+

Top non-repeatable levels by time:
     D:1: 1285 daAuts
     D:2: 651 daAuts
